AoeStats
← Poorpoet26

QS Arena

503123252Analyzed
1v1 RM · 1mo ago on Aug 30, 2026· 32m 35s· 2 players
Game mode
Random Map
Map size
Tiny (2 player)
Population
200
Speed
Normal
Resources
Standard
Victory
Conquest
Starting age
Dark Age
Ending age
Imperial Age
RankedLock teamsTeams togetherTeam positionsShared explorationLock speedFull tech treeHidden civsTurbo modeCheats
Victory
Defeat
🇹🇷 Celts · Türkiye
731
+15
🇮🇳 Britons · India
699
-15
Poorpoet26
1:18 Loom
9:20 Feudal Age
16:27 Castle Age
15:31 Double-Bit Axe
15:29 Horse Collar
21:35 Pikeman
24:26 Bow Saw
24:19 Heavy Plow
24:13 Gold Mining
24:16 Stone Mining
31:12 Imperial Age
28:41 Fletching
28:55 Squires
28:57 Husbandry
29:24 Town Watch
29:55 Forging
30:30 Ballistics
Router
8:35 Feudal Age
6:51 Loom
9:51 Wheelbarrow
9:06 Double-Bit Axe
9:04 Horse Collar
14:40 Gold Mining
19:19 Castle Age
20:38 Hand Cart
20:34 Bow Saw
19:53 Pikeman
21:42 Gold Shaft Mining
20:57 Stone Mining
21:49 Heavy Plow
30:20 Imperial Age
28:31 Town Watch
29:27 Stone Shaft Mining
30:33 Ballistics
30:32 Heavy Scorpion
32:44 Chemistry
Connection lost

Rejoining the realm…

Still unreachable

The connection could not be restored.

Session expired

The server has moved on; the page needs a fresh start.